[Event "Early-Titled-Tuesday-Blitz-June-18-2024"]
[Site "Chess.com"]
[Date "2024.06.18"]
[Round "4"]
[White "Sprinc1"]
[Black "Road2GM3000"]
[Result "1-0"]
[WhiteElo "2240"]
[BlackElo "2457"]
[TimeControl "180+1"]
[EndTime "8:39:54 PDT"]
[Termination "Sprinc1 won by resignation"]

1. d4 d5 2. Nf3 c6 3. g3 Nf6 4. Bg2 Bg4 5. O-O e6 6. c4 Nbd7 7. Nbd2 Be7 8. Qb3 Qb6 9. h3 Bxf3 10. Nxf3 O-O 11. c5 Qxb3 12. axb3 a6 13. g4 e5 14. dxe5 Ne4 15. b4 f6 16. e6 Ne5 17. Nd4 h5 18. Nf5 Rfe8 19. f3 Ng5 20. f4 Nxe6 21. fxe5 fxe5 22.
gxh5 Bg5 23. Bxg5 Nxg5 24. Nd6 Re7 25. b5 Ne6 26. b4 Nd4 27. bxc6 bxc6 28. Ra2 Rb8 29.
e3 Ne6 30. Rxa6 Rxb4 31. Rxc6 Rb2 32. Bxd5 Kh7 33. Nf5 Ng5 34. Nxe7 Nxh3+ 35. Kh1 Nf2+ 36. Rxf2 Rxf2 37. Be4+ 1-0

[Event "Early-Titled-Tuesday-Blitz-June-18-2024"]
[Site "Chess.com"]
[Date "2024.06.18"]
[Round "4"]
[White "rionelG"]
[Black "gilbert_gm"]
[Result "0-1"]
[WhiteElo "2355"]
[BlackElo "2856"]
[TimeControl "180+1"]
[EndTime "8:39:55 PDT"]
[Termination "gilbert_gm won on time"]

1. e4 e5 2. Nf3 Nf6 3. Nxe5 d6 4. Nf3 Nxe4 5. d3 Nf6 6. d4 g6 7. Bd3 Bg7 8. Qe2+ Qe7 9. Qxe7+ Kxe7 10. O-O Re8 11.
Re1+ Kf8 12. Rxe8+ Kxe8 13. c4 Nc6 14. h3 Nb4 15.
Ne1 Nxd3 16. Nxd3 Bf5 17. Nf4 g5 18. Ne2 h6 19. Nbc3 Kd7 20. Be3 Ne4 21. Rd1 Re8 22.
b3 c6 23. Nxe4 Bxe4 24. Nc3 Bg6 25. Ne2 f5 26. Re1 f4 27. Bd2 Bd3 28. Nc1 Rxe1+ 29. Bxe1 Bb1 30. Bc3 c5 31. Kf1 cxd4 32. Bb2 Kc6 33.
Ke1 d5 34. Kd2 dxc4 35. bxc4 Kc5 36. Nb3+ Kxc4 37. Na5+ Kd5 38. Nxb7 Bxa2 39. Nd8 Kd6 40. Nb7+ Kc6 0-1

[Event "Early-Titled-Tuesday-Blitz-June-18-2024"]
[Site "Chess.com"]
[Date "2024.06.18"]
[Round "4"]
[White "Fandorine"]
[Black "A4RookA3"]
[Result "1-0"]
[WhiteElo "2941"]
[BlackElo "2439"]
[TimeControl "180+1"]
[EndTime "8:39:56 PDT"]
[Termination "Fandorine won by resignation"]

1. c4 c6 2. Nf3 d5 3. e3 Nf6 4. Nc3 e6 5. b3 Bd6 6. Bb2 O-O 7. Qc2 e5 8. cxd5 cxd5 9. Nb5 Nc6 10. Nxd6 Qxd6 11. d4 Ne4 12. a3 exd4 13. Nxd4 Nxd4 14. Bxd4 Bf5 15. Qb2 Qg6 16. f3 Nd6 17. g4 Be6 18.
Rd1 Rfc8 19. Bd3 Qh6 20. h4 f5 21. g5 Qg6 22. Qh2 Ne8 23. Qe5 h5 24. gxh6 Qxh6 25. Bxf5 Bxf5 26. Qxf5 Nd6 27. Qxd5+ Kh7 28. h5 Rf8 29.
Rg1 Rf7 30. Rg6 1-0

[Event "Early-Titled-Tuesday-Blitz-June-18-2024"]
[Site "Chess.com"]
[Date "2024.06.18"]
[Round "4"]
[White "ViIIagra"]
[Black "Sondremelaa"]
[Result "1-0"]
[WhiteElo "2903"]
[BlackElo "2613"]
[TimeControl "180+1"]
[EndTime "8:39:57 PDT"]
[Termination "ViIIagra won by resignation"]

1. g3 d5 2. c4 c6 3. Bg2 Nf6 4. Nf3 dxc4 5. O-O Nbd7 6. b3 cxb3 7.
Qxb3 g6 8. d4 Bg7 9. Nc3 O-O 10.
Rd1 Qb6 11. Qc2 Rd8 12. Rb1 Qa5 13. e4 b5 14. Nd2 e5 15. Nb3 Qb6 16. dxe5 Nxe5 17.
Be3 Qc7 18. Nxb5 Qe7 19. Bc5 Qe8 20. Nc7 1-0

[Event "Early-Titled-Tuesday-Blitz-June-18-2024"]
[Site "Chess.com"]
[Date "2024.06.18"]
[Round "4"]
[White "Martial2008"]
[Black "milovichalex"]
[Result "1-0"]
[WhiteElo "2635"]
[BlackElo "2412"]
[TimeControl "180+1"]
[EndTime "8:39:59 PDT"]
[Termination "Martial2008 won by resignation"]

1. d4 Nf6 2. Nf3 d5 3. Bf4 c5 4. e3 Nc6 5. Nbd2 Qb6 6. dxc5 Qxc5 7. c4 d4 8. Be2 Nh5 9. exd4 Nxd4 10. Be3 e5 11.
O-O Nf6 12. Re1 Be7 13. Nxd4 exd4 14. Nb3 dxe3 15. Nxc5 exf2+ 16. Kxf2 Bxc5+ 17. Kf1 O-O 18. Bf3 Be6 19. Qc2 Rac8 20. b3 b5 21. Rxe6 fxe6 22. Re1 Ng4 23. Qe4 Nxh2+ 24. Ke2 Nxf3 25. gxf3 bxc4 26.
bxc4 e5 27. Rh1 g6 28. Qd5+ Rf7 29. Rxh7 Kxh7 30. Qxf7+ Kh6 31. Qe6 Rc7 32. Qh3+ Kg7 33. Qe6 Bd4 34. Qd5 Kh6 35. Kd3 Rc5 36. Qg8 Kg5 37.
Qd8+ Kf5 38. Qd7+ Kg5 39. Qxa7 Kh4 40. a4 g5 41. a5 Kg3 42. a6 Kxf3 43. Qb7+ Kf4 44.
Qe4+ Kg3 45. a7 Rb5 46. cxb5 1-0

[Event "Early-Titled-Tuesday-Blitz-June-18-2024"]
[Site "Chess.com"]
[Date "2024.06.18"]
[Round "4"]
[White "HouseOfDurin"]
[Black "luachess1"]
[Result "1-0"]
[WhiteElo "2296"]
[BlackElo "1908"]
[TimeControl "180+1"]
[EndTime "8:39:59 PDT"]
[Termination "HouseOfDurin won by checkmate"]

1. d4 Nf6 2. Bg5 e6 3. e4 h6 4.
Bxf6 Qxf6 5. Nc3 Nc6 6. Nf3 Bb4 7. Qd3 Bxc3+ 8. Qxc3 O-O 9. e5 Qe7 10. O-O-O d6 11. Qe3 d5 12. c3 Nd8 13. Bd3 c5 14. dxc5 Bd7 15. Kb1 Rc8 16. b4 Ba4 17. Rd2 a6 18. Nd4 Nc6 19. f4 Nxd4 20. cxd4 Qd7 21. g4 Bb5 22. f5 exf5 23. gxf5 Bxd3+ 24. Qxd3 Rfe8 25. Rg1 Kh8 26. Rdg2 Rg8 27. f6 g6 28. h4 Qf5 29. Qxf5 gxf5 30. Rxg8+ Rxg8 31. Rxg8+ Kxg8 32. Kc2 Kh7 33. Kd3 Kg6 34. Ke3 Kh5 35. Kf4 Kxh4 36. e6 Kh5 37. e7 Kg6 38. e8=Q Kxf6 39.
Qe5+ Kg6 40. Qxf5+ Kg7 41. Qxd5 h5 42. Qxh5 Kg8 43. Kf5 Kg7 44. Qg5+ Kf8 45. Kf6 Ke8 46. Qd5 Kf8 47. Qd8# 1-0

[Event "Early-Titled-Tuesday-Blitz-June-18-2024"]
[Site "Chess.com"]
[Date "2024.06.18"]
[Round "4"]
[White "Chempiblinka"]
[Black "myburger"]
[Result "0-1"]
[WhiteElo "2354"]
[BlackElo "2535"]
[TimeControl "180+1"]
[EndTime "8:40:00 PDT"]
[Termination "myburger won on time"]

1. Nf3 c5 2. g3 g6 3. Bg2 Bg7 4. O-O Nc6 5. c4 e5 6. d3 d6 7. Nc3 f5 8. a3 Nge7 9. Rb1 a5 10. Ne1 O-O 11. Nc2 f4 12. b4 axb4 13. axb4 cxb4 14.
Nxb4 Nxb4 15. Rxb4 Nc6 16. Rb1 Qa5 17. Nd5 Bg4 18. h3 Bxe2 19. Qxe2 f3 20. Ne7+ Kh8 21. Bxf3 Nd4 22. Qe4 Nxf3+ 23. Kg2 Nd2 24. Bxd2 Qxd2 25.
Rxb7 Ra2 26. Nxg6+ hxg6 27. Qh4+ Kg8 28. g4 Qxd3 29.
c5 Qf3+ 30. Kg1 Qxb7 31. cxd6 Qd7 0-1

[Event "Early-Titled-Tuesday-Blitz-June-18-2024"]
[Site "Chess.com"]
[Date "2024.06.18"]
[Round "4"]
[White "jaramsdal"]
[Black "Nicolik"]
[Result "1-0"]
[WhiteElo "2435"]
[BlackElo "2629"]
[TimeControl "180+1"]
[EndTime "8:40:01 PDT"]
[Termination "jaramsdal won by resignation"]

1. e4 c5 2. a3 g6 3. Bc4 Bg7 4. h4 e6 5. h5 d5 6. exd5 exd5 7. Ba2 Nc6 8. Nc3 Be6 9. Qe2 Nd4 10.
Qd1 Qe7 11. Nge2 Bg4 12. f3 Bxh5 13. Nxd5 Qd6 14. d3 O-O-O 15. Nxd4 Qg3+ 16. Kf1 Bxd4 17. Qe1 Qxe1+ 18. Kxe1 Re8+ 19. Kf1 f5 20. c3 Bg7 21.
Bf4 Nf6 22. Re1 Rxe1+ 23. Kxe1 Rd8 24. Nxf6 Bxf6 25. Be6+ Rd7 26. g4 fxg4 27. fxg4 Kd8 28. Bxd7 Bxg4 29. Bxg4 1-0

[Event "Early-Titled-Tuesday-Blitz-June-18-2024"]
[Site "Chess.com"]
[Date "2024.06.18"]
[Round "4"]
[White "Jeppesen08"]
[Black "chezzgirl04"]
[Result "0-1"]
[WhiteElo "2455"]
[BlackElo "2231"]
[TimeControl "180+1"]
[EndTime "8:40:04 PDT"]
[Termination "chezzgirl04 won by resignation"]

1. e4 e5 2. Bc4 Nc6 3. Nc3 Bc5 4. Nge2 Nge7 5. O-O O-O 6. d3 d6 7. Kh1 Kh8 8. f4 f5 9. Ng3 exf4 10. Bxf4 Ne5 11. Bb3 Ng4 12. d4 Bb6 13. exf5 Nxf5 14. Qxg4 Ne3 15.
Qe2 Nxf1 16. Rxf1 Bxd4 17. Qd3 c5 18. Nd5 Be6 19. c3 Be5 20. Bxe5 dxe5 21. Qe4 Rxf1+ 22. Nxf1 Qf8 23. Nfe3 Qf2 24. h3 Rf8 25. Qxe5 Bxh3 26. gxh3 Qe1+ 27. Kh2 Rf2+ 28. Kg3 Rf5+ 29. Kg4 Rxe5 30.
Nf5 Qe4+ 31. Nf4 Qxf5+ 32. Kf3 Re4 0-1

[Event "Early-Titled-Tuesday-Blitz-June-18-2024"]
[Site "Chess.com"]
[Date "2024.06.18"]
[Round "4"]
[White "masterofpuppets2"]
[Black "talaicito"]
[Result "1-0"]
[WhiteElo "2485"]
[BlackElo "2264"]
[TimeControl "180+1"]
[EndTime "8:40:09 PDT"]
[Termination "masterofpuppets2 won on time"]

1. d4 e6 2. c4 f5 3. Nf3 Nf6 4. Nc3 Bb4 5. Bd2 O-O 6. g3 d6 7.
Bg2 a5 8. O-O Bxc3 9. Bxc3 Ne4 10. Qc2 Nc6 11. Rfd1 Qe8 12. Be1 e5 13. e3 Nf6 14. dxe5 dxe5 15. c5 Kh8 16. b3 Qh5 17.
Bc3 e4 18. Nd4 Ne5 19. Qe2 Qe8 20. a3 c6 21. b4 Nd5 22. Be1 Nd3 23. bxa5 Nxc5 24. Bb4 Nxb4 25. axb4 Nd3 26. Rdb1 Bd7 27. Qc2 h6 28. Bf1 Ne5 29. Be2 Qf7 30. Qc3 Qe7 31. Kg2 Rfc8 32. Rc1 Kh7 33. Nb3 Be8 34. Nc5 g5 35.
Rd1 Ng6 36. Qd4 1-0

[Event "Early-Titled-Tuesday-Blitz-June-18-2024"]
[Site "Chess.com"]
[Date "2024.06.18"]
[Round "4"]
[White "SpongeBob_03"]
[Black "PabloZarnicki"]
[Result "0-1"]
[WhiteElo "2248"]
[BlackElo "2600"]
[TimeControl "180+1"]
[EndTime "8:40:09 PDT"]
[Termination "PabloZarnicki won by resignation"]

1. d4 Nf6 2. c4 e6 3. Nf3 d5 4.
Nc3 h6 5. cxd5 exd5 6. Qc2 c6 7. g3 Bd6 8. Bg2 O-O 9. O-O Re8 10. Nd2 Nbd7 11. f3 c5 12. Nb5 Bb8 13. dxc5 a6 14. Nd4 Qe7 15. N2b3 Ba7 16. Kh1 Nxc5 17. Nxc5 Qxc5 18.
Qxc5 Bxc5 19. Nb3 Bb6 20. Re1 Bd7 21. Bf4 Bb5 22. e4 dxe4 23. fxe4 Ng4 24. h3 Nf2+ 25. Kh2 Nd3 26. Reb1 g5 27. Bd2 Rad8 28. Bc3 Bc6 29.
Nd2 f5 30. exf5 Re2 31. Rg1 Bxg1+ 32. Rxg1 Ne1 33. Ne4 Bxe4 34. Rxe1 Rxg2+ 35. Kh1 Re2+ 36. Kg1 Rxe1+ 37. Bxe1 Rd1 0-1

[Event "Early-Titled-Tuesday-Blitz-June-18-2024"]
[Site "Chess.com"]
[Date "2024.06.18"]
[Round "4"]
[White "tarno17"]
[Black "ClauAmura"]
[Result "0-1"]
[WhiteElo "2188"]
[BlackElo "2383"]
[TimeControl "180+1"]
[EndTime "8:40:10 PDT"]
[Termination "ClauAmura won on time"]

1. e4 g6 2. d4 Bg7 3. c4 c6 4. Nc3 d6 5. Be3 Na6 6. a3 Nc7 7. Bd3 Nf6 8. Nge2 Ng4 9. O-O Nxe3 10. fxe3 O-O 11. Ng3 e5 12. Nce2 Ne6 13. Bc2 Qg5 14. Rf3 h5 15. Kh1 b6 16. d5 cxd5 17. exd5 Nc5 18. Ng1 Bg4 19. Nh3 Qh4 20. b4 e4 21.
Rf4 Bxd1 22. Rxh4 Bxa1 23. Bxd1 Nd3 24. Nxe4 Rae8 25. Bc2 Ne1 26. Bb1 f5 27. Nxd6 Rxe3 28. Kg1 Rb3 29. Ba2 Rb2 30. Kf1 Nc2 31. Nf4 Rxa2 32.
Ne6 Bf6 33. Rh3 Be5 34. Nxf8 Kxf8 35. Nb7 Bf4 36. Rd3 Ne3+ 37. Ke1 Nxg2+ 38. Kd1 Ne3+ 39.
Ke1 Nxc4 40. d6 Nxd6 0-1

[Event "Early-Titled-Tuesday-Blitz-June-18-2024"]
[Site "Chess.com"]
[Date "2024.06.18"]
[Round "4"]
[White "NajdorfPlayerc5"]
[Black "Puzzlebot_1294"]
[Result "0-1"]
[WhiteElo "2428"]
[BlackElo "2670"]
[TimeControl "180+1"]
[EndTime "8:40:11 PDT"]
[Termination "Puzzlebot_1294 won by resignation"]

1. e4 e5 2. Nf3 Nc6 3. Bb5 Nge7 4. Nc3 g6 5. d4 exd4 6. Nd5 Bg7 7. Bg5 h6 8. Bf6 Bxf6 9. Nxf6+ Kf8 10. Qd2 d5 11. exd5 Nxd5 12. Nxd5 Qxd5 13. Bxc6 bxc6 14. Qxd4 Qxd4 15.
Nxd4 c5 16. Nb3 Kg7 17. Nxc5 Re8+ 18. Kd2 Bf5 19. Rhe1 Red8+ 20. Kc3 Rd5 21. b4 a5 22. a3 Rad8 23. Nb3 a4 24. Nc5 Rd2 25. Rac1 Rxf2 26.
Nxa4 Rxg2 27. Nb2 Rxh2 28. Re7 c6 29. a4 Rh3+ 30. Kc4 Rd5 31. a5 Be6 32. Rxe6 fxe6 33.
a6 Ra3 34. Nd3 Rxa6 35. Nc5 Ra8 36. Nxe6+ Kf7 37. Nd4 Rd6 38. Kc5 Rd5+ 39. Kc4 Rd6 40. Kc5 Rf6 41. Nxc6 h5 42. b5 h4 43. b6 Rc8 0-1

[Event "Early-Titled-Tuesday-Blitz-June-18-2024"]
[Site "Chess.com"]
[Date "2024.06.18"]
[Round "4"]
[White "NovoselovRoman"]
[Black "Rutricks"]
[Result "0-1"]
[WhiteElo "2550"]
[BlackElo "2758"]
[TimeControl "180+1"]
[EndTime "8:40:12 PDT"]
[Termination "Rutricks won on time"]

1. e4 g6 2. Nc3 Bg7 3. g3 c5 4.
Bg2 Nc6 5. d3 Rb8 6. a4 a6 7. Be3 d6 8. f4 b5 9. axb5 axb5 10.
Rb1 b4 11. Nce2 Nd4 12. Nf3 e5 13. O-O Ne7 14. h3 O-O 15. g4 f5 16. gxf5 gxf5 17. Ng3 exf4 18. Bxd4 cxd4 19. Nh5 fxe4 20. dxe4 Be5 21. Nxd4 Qe8 22. Nf5 Bxf5 23. exf5 Nxf5 24. Qg4+ Kh8 25. Nxf4 Ne3 26. Qh4 Nxf1 27. Rxf1 Bxf4 28. Rxf4 Qe3+ 29. Rf2 Rbc8 30. Be4 Qe1+ 31. Kg2 Rxf2+ 32. Qxf2 Qxe4+ 0-1

[Event "Early-Titled-Tuesday-Blitz-June-18-2024"]
[Site "Chess.com"]
[Date "2024.06.18"]
[Round "4"]
[White "scarabee43"]
[Black "Dixit_Nikhil"]
[Result "1-0"]
[WhiteElo "2881"]
[BlackElo "2609"]
[TimeControl "180+1"]
[EndTime "8:40:13 PDT"]
[Termination "scarabee43 won by resignation"]

1. Nf3 Nf6 2. c4 a6 3. Nc3 h6 4. g3 g6 5. Bg2 b6 6. O-O Bb7 7.
Re1 d6 8. e4 Nbd7 9. d4 e5 10.
d5 Bg7 11. b4 O-O 12. a4 a5 13. Ba3 axb4 14. Bxb4 Nc5 15. a5 bxa5 16. Bxa5 Qd7 17. Nd2 Ra6 18. Nb5 Rfa8 19. Bc3 Rxa1 20. Bxa1 h5 21. Nb3 Nxb3 22. Qxb3 Bh6 23. Bc3 h4 24. c5 dxc5 25. Bxe5 Ng4 26. Bb2 hxg3 27. hxg3 Ba6 28. Qc3 f6 29. Na3 c4 30. Bh3 Bg7 31. f3 c6 32.
Bxg4 Qa7+ 33. Kg2 cxd5 34. Be6+ Kf8 35. Qb4+ 1-0

[Event "Early-Titled-Tuesday-Blitz-June-18-2024"]
[Site "Chess.com"]
[Date "2024.06.18"]
[Round "4"]
[White "Marcin"]
[Black "HelenaWalker2912"]
[Result "0-1"]
[WhiteElo "2613"]
[BlackElo "2418"]
[TimeControl "180+1"]
[EndTime "8:40:13 PDT"]
[Termination "HelenaWalker2912 won by resignation"]

1. e4 c6 2. d4 d5 3. exd5 cxd5 4. c4 Nf6 5. Nc3 Nc6 6. Nf3 a6 7. cxd5 Nxd5 8. Qb3 Be6 9. Bc4 Na5 10. Bxd5 Nxb3 11. Bxb3 Bxb3 12. axb3 e6 13. O-O Be7 14. Rd1 Bf6 15.
Ne4 O-O 16. Bf4 Qd5 17. Nc5 b6 18. Na4 Qxb3 19. Rd2 Rac8 20. h4 Be7 21. Ne5 b5 22. Rd3 Qc2 23. Nb6 Qxb2 24. Rxa6 Rc2 25. Rg3 Bxh4 26. Rg4 Bxf2+ 27. Kh2 h5 28. Rg5 Qxd4 0-1

[Event "Early-Titled-Tuesday-Blitz-June-18-2024"]
[Site "Chess.com"]
[Date "2024.06.18"]
[Round "4"]
[White "Mikozovna"]
[Black "Weifd"]
[Result "1-0"]
[WhiteElo "2623"]
[BlackElo "2402"]
[TimeControl "180+1"]
[EndTime "8:40:13 PDT"]
[Termination "Mikozovna won by resignation"]

1. e4 c5 2. Nf3 e6 3. c3 Nf6 4. Bd3 d6 5. O-O Be7 6. Bc2 e5 7. d4 cxd4 8. cxd4 Bg4 9. dxe5 Bxf3 10. Ba4+ Nc6 11. Bxc6+ bxc6 12. Qa4 Be2 13. exf6 Bxf6 14. Qxc6+ Ke7 15. Re1 Rc8 16. Qb7+ Rc7 17. Qb4 Rc4 18. Qa3 Qc7 19. Nd2 Rc6 20. Rxe2 Rxc1+ 21. Rxc1 Qxc1+ 22. Nf1 Be5 23. Qxa7+ Kf6 24. Qe3 Bxh2+ 25. Kxh2 Qxf1 26. Rd2 Rd8 27. e5+ Kg6 28. Qe4+ Kh6 29. Qh4+ Kg6 30. Qxd8 Qc4 31. Qxd6+ Kf5 32. Qd3+ 1-0

[Event "Early-Titled-Tuesday-Blitz-June-18-2024"]
[Site "Chess.com"]
[Date "2024.06.18"]
[Round "4"]
[White "Rodalquilar"]
[Black "masnyszachistaaa"]
[Result "1-0"]
[WhiteElo "2797"]
[BlackElo "2574"]
[TimeControl "180+1"]
[EndTime "8:40:14 PDT"]
[Termination "Rodalquilar won on time"]

1. d4 d5 2. Nf3 Nf6 3. Bf4 c5 4. e3 Nc6 5. c3 Qb6 6. Qc2 Bf5 7. dxc5 Bxc2 8. cxb6 axb6 9. Na3 Rxa3 10. bxa3 e6 11.
Bb5 Bxa3 12. Nd4 Bg6 13. Ke2 Kd7 14. f3 Bb2 15. Rad1 Bxc3 16. e4 Bxd4 17. Rxd4 Ke7 18.
Bxc6 bxc6 19. Ra4 dxe4 20. Ra7+ Nd7 21. Rd1 Rd8 22. Bc7 1-0

[Event "Early-Titled-Tuesday-Blitz-June-18-2024"]
[Site "Chess.com"]
[Date "2024.06.18"]
[Round "4"]
[White "HajiyevKanan"]
[Black "N_I_Chess"]
[Result "1-0"]
[WhiteElo "2515"]
[BlackElo "2319"]
[TimeControl "180+1"]
[EndTime "8:40:14 PDT"]
[Termination "HajiyevKanan won on time"]

1. b3 d5 2. Bb2 Bf5 3. e3 e6 4.
Nf3 Nd7 5. Be2 Ngf6 6. O-O Bd6 7. c4 O-O 8. d4 h6 9. Nbd2 Qe7 10. Re1 c6 11.
Qc1 a5 12. a3 Bg4 13. Bd3 e5 14. dxe5 Nxe5 15. Nxe5 Bxe5 16. cxd5 Nxd5 17. Nc4 Bc7 18. Qc2 Qh4 19. g3 Qh5 20. e4 Nf4 21. Qc3 f6 22. Bf1 Nh3+ 23. Kg2 Ng5 24. h4 Bf3+ 25. Kg1 Nf7 26. Bg2 1-0

[Event "Early-Titled-Tuesday-Blitz-June-18-2024"]
[Site "Chess.com"]
[Date "2024.06.18"]
[Round "4"]
[White "glucolisis04"]
[Black "VaglioSagan"]
[Result "0-1"]
[WhiteElo "2291"]
[BlackElo "2488"]
[TimeControl "180+1"]
[EndTime "8:40:16 PDT"]
[Termination "VaglioSagan won by resignation"]

1. d4 d5 2. Nf3 Nf6 3. e3 c5 4. Be2 Nc6 5. O-O Bf5 6. c3 e6 7. Nbd2 cxd4 8. exd4 Bd6 9. Re1 O-O 10.
Nf1 h6 11. Ng3 Bh7 12. Bd3 Rb8 13. Bxh7+ Kxh7 14. Qd3+ Kg8 15. Ne2 b5 16. b3 Ne4 17.
Bf4 Bxf4 18. Nxf4 Qf6 19. Nh3 g5 20. Ne5 Nxe5 21. dxe5 Qxe5 22. Re3 b4 23. f3 Qxc3 24.
Qxc3 Nxc3 25. Nf2 Rfc8 26. Ng4 Kg7 27. Ne5 Nb5 28. Kf2 Rc2+ 29. Kg3 Nd4 30. Nd7 Nf5+ 31.
Kg4 Rb7 0-1

[Event "Early-Titled-Tuesday-Blitz-June-18-2024"]
[Site "Chess.com"]
[Date "2024.06.18"]
[Round "4"]
[White "InadaC"]
[Black "patzer-reloaded"]
[Result "1-0"]
[WhiteElo "2254"]
[BlackElo "2465"]
[TimeControl "180+1"]
[EndTime "8:40:17 PDT"]
[Termination "InadaC won on time"]

1. Nf3 d6 2. b3 Nf6 3. Bb2 e5 4.
d4 e4 5. Nfd2 d5 6. c4 c6 7. e3 Bd6 8. Be2 O-O 9. Nc3 a6 10. h4 Be6 11. h5 b5 12. c5 Bc7 13.
h6 g6 14. Qc2 Nbd7 15. O-O-O a5 16. f4 b4 17. Na4 Ng4 18. Bxg4 Bxg4 19. Rdf1 f5 20.
g3 Nf6 21. Kb1 Kh8 22. Rc1 Nh5 23. Nf1 Rb8 24. Nb6 Bxb6 25. cxb6 Qxb6 26. Qxc6 Qxc6 27.
Rxc6 Rfc8 28. Rc5 Be2 29. Nd2 Bd3+ 30. Ka1 Nxg3 31. Rhc1 Rxc5 32. dxc5+ Kg8 33. c6 Rc8 34. c7 Kf7 35. Be5 Ke6 36. Rc6+ Kd7 37. Rc5 Ke6 38.
Rxa5 d4 39. exd4 e3 40. Nf3 e2 41. Ne1 1-0

[Event "Early-Titled-Tuesday-Blitz-June-18-2024"]
[Site "Chess.com"]
[Date "2024.06.18"]
[Round "4"]
[White "IMRosen"]
[Black "Rud_Makarian"]
[Result "0-1"]
[WhiteElo "2764"]
[BlackElo "3066"]
[TimeControl "180+1"]
[EndTime "8:40:18 PDT"]
[Termination "Rud_Makarian won by resignation"]

1. e4 c5 2. Nc3 Nc6 3. Bb5 e6 4.
Bxc6 bxc6 5. f4 d5 6. Nf3 Nf6 7. Qe2 c4 8. e5 Nd7 9. d3 cxd3 10.
cxd3 Ba6 11. O-O Be7 12. Rd1 O-O 13. Kh1 c5 14. Qf2 Rb8 15. b3 Nb6 16. Bb2 d4 17. Ne4 Nd5 18. Bc1 Kh8 19. Nfg5 h6 20. Nf3 Qc7 21.
Ne1 f5 22. Ng3 g5 23. Nh5 Rg8 24. Bd2 Bb7 25. Rac1 gxf4 26. Bxf4 Nxf4 27. Nxf4 Qxe5 28. Rc2 Bd6 29. Qh4 Qxf4 30. Qf6+ Kh7 31. Kg1 Qxh2+ 32. Kf1 Qh1+ 33. Ke2 Rxg2+ 34. Nxg2 Qxg2+ 35. Ke1 Bg3+ 0-1

[Event "Early-Titled-Tuesday-Blitz-June-18-2024"]
[Site "Chess.com"]
[Date "2024.06.18"]
[Round "4"]
[White "ArrestingPieces"]
[Black "ilqar_74"]
[Result "0-1"]
[WhiteElo "2540"]
[BlackElo "2846"]
[TimeControl "180+1"]
[EndTime "8:40:18 PDT"]
[Termination "ilqar_74 won by resignation"]

1. e4 c5 2. c3 Nf6 3. e5 Nd5 4. d4 cxd4 5. cxd4 Nc6 6. Nf3 d6 7. Bc4 Nb6 8. Bb5 e6 9. O-O Be7 10. Nc3 d5 11. Be3 Bd7 12. Rc1 Rc8 13. Qe2 O-O 14. h4 Nc4 15. Bxc4 dxc4 16. h5 Nb4 17. h6 g6 18. Qd2 Bc6 19. Bg5 Bxf3 20. Bxe7 Qxe7 21.
gxf3 Nd3 22. Ne4 Qh4 23. Nf6+ Kh8 24. f4 Nxf4 25. Rc3 Qxh6 26. Qe3 g5 27. Rd1 Nd5 28. Qg3 Nxf6 29. exf6 Qxf6 30. Rf3 Qg7 31. Kg2 Rcd8 32. Rh1 Rxd4 33. Qc7 Rg4+ 34. Rg3 Rxg3+ 35. Kxg3 f5 36. Qxb7 0-1

[Event "Early-Titled-Tuesday-Blitz-June-18-2024"]
[Site "Chess.com"]
[Date "2024.06.18"]
[Round "4"]
[White "bescmelasti"]
[Black "CheckBits"]
[Result "1-0"]
[WhiteElo "2623"]
[BlackElo "2401"]
[TimeControl "180+1"]
[EndTime "8:40:18 PDT"]
[Termination "bescmelasti won by resignation"]

1. e4 e5 2. Nf3 Nc6 3. Bb5 Nf6 4.
Nc3 Bb4 5. O-O d6 6. d3 O-O 7. Bg5 Bxc3 8. bxc3 Bg4 9. h3 Bh5 10. g4 Bg6 11. Nh4 d5 12. Bxc6 bxc6 13.
f3 Qd6 14. Be3 Qa3 15. Qe1 Rfd8 16. Rf2 Nd7 17. Ng2 Nf8 18. h4 h5 19. gxh5 Bxh5 20.
exd5 cxd5 21. f4 e4 22. f5 c5 23. dxe4 dxe4 24. Nf4 Bf3 25. Kh2 Rd6 26. Qg1 Rh6 27. Qg3 Qxc3 28. Rg1 Rh7 29. Nd5 Qc4 30. Nf6+ Kh8 31.
Nxh7 Qc3 32. Bd2 Qd4 33. c3 Qxf2+ 34. Qxf2 Nxh7 35. Qxc5 Rd8 36. Be3 Nf6 37. Bd4 Ng4+ 38. Rxg4 Bxg4 39. Qe7 Rg8 40. Qg5 1-0

[Event "Early-Titled-Tuesday-Blitz-June-18-2024"]
[Site "Chess.com"]
[Date "2024.06.18"]
[Round "4"]
[White "SahibSinghKnight"]
[Black "betta2004"]
[Result "1-0"]
[WhiteElo "2689"]
[BlackElo "2482"]
[TimeControl "180+1"]
[EndTime "8:40:20 PDT"]
[Termination "SahibSinghKnight won by resignation"]

1. e4 c6 2. Nc3 d5 3. Nf3 Bg4 4. Be2 Bxf3 5. Bxf3 e6 6. O-O Nf6 7. d4 dxe4 8. Nxe4 Nxe4 9. Bxe4 Bd6 10. g3 h5 11. h4 Nd7 12. Bg5 Qb6 13. c4 Qc7 14. d5 Nc5 15. Bg2 f6 16. Be3 O-O-O 17. b4 Na6 18. c5 Be5 19. d6 Qf7 20. Rb1 g5 21. hxg5 h4 22. f4 hxg3 23. fxe5 Rh2 24. Rxf6 Qh7 25. Rb2 Rh1+ 26. Bxh1 Qh2+ 27. Rxh2 1-0

[Event "Early-Titled-Tuesday-Blitz-June-18-2024"]
[Site "Chess.com"]
[Date "2024.06.18"]
[Round "4"]
[White "Karateloru"]
[Black "PLAYER_2006_M"]
[Result "0-1"]
[WhiteElo "2781"]
[BlackElo "2959"]
[TimeControl "180+1"]
[EndTime "8:40:23 PDT"]
[Termination "PLAYER_2006_M won by resignation"]

1. b3 d5 2. Bb2 Bf5 3. e3 e6 4. Nf3 h6 5. Be2 Nf6 6. O-O Nbd7 7. c4 c6 8. Nc3 Bd6 9. d4 O-O 10. Bd3 Qe7 11. Re1 Bxd3 12. Qxd3 Bb4 13. Nd2 Rfd8 14. a3 Bxc3 15. Bxc3 a5 16. e4 dxe4 17. Nxe4 Nxe4 18. Qxe4 a4 19. d5 cxd5 20. cxd5 axb3 21. dxe6 Qxe6 22. Qxe6 fxe6 23. Reb1 Nf8 24. Rxb3 Rd3 25. Kf1 Rc8 26. Rc1 e5 27. Ke2 e4 28. f3 Ne6 29. fxe4 Nf4+ 30. Kf1 Rf8 31. g3 Rf3+ 32. Ke1 Ng2+ 33. Ke2 Re3+ 34. Kd1 Rf2 35. Rxb7 Rd3+ 0-1

[Event "Early-Titled-Tuesday-Blitz-June-18-2024"]
[Site "Chess.com"]
[Date "2024.06.18"]
[Round "4"]
[White "Viktor_Poddubnyi"]
[Black "Sanyura"]
[Result "0-1"]
[WhiteElo "2318"]
[BlackElo "2510"]
[TimeControl "180+1"]
[EndTime "8:40:25 PDT"]
[Termination "Sanyura won on time"]

1. e4 c6 2. d4 d5 3. exd5 cxd5 4.
c4 Nf6 5. Nc3 Nc6 6. Bg5 Be6 7.
a3 Qa5 8. b4 Qd8 9. c5 g6 10.
Bb5 Bg7 11. f3 O-O 12. Nge2 a5 13. Bxc6 bxc6 14. O-O Qc7 15. b5 cxb5 16. Nxb5 Qd7 17. a4 h6 18. Bd2 Rfc8 19. Bc3 Qd8 20. Qd2 Nd7 21. Nf4 Nb8 22. Nxe6 fxe6 23. Rfe1 Ra6 24.
Re2 Qe8 25. Rae1 Qf7 26. Bxa5 Nc6 27. Bc3 e5 28. dxe5 Rxa4 29. e6 Qf5 30. Bxg7 Kxg7 31. Nc3 Rd4 32. Qb2 Kh7 33. Qb7 Qf8 34. Nb5 Rb4 35.
Qa6 d4 36. Rd2 Qe8 37. Red1 Ra8 0-1

[Event "Early-Titled-Tuesday-Blitz-June-18-2024"]
[Site "Chess.com"]
[Date "2024.06.18"]
[Round "4"]
[White "Navyblue1"]
[Black "Rosh1610"]
[Result "0-1"]
[WhiteElo "2174"]
[BlackElo "2469"]
[TimeControl "180+1"]
[EndTime "8:40:25 PDT"]
[Termination "Rosh1610 won by resignation"]

1. d4 Nf6 2. c4 e6 3. Nf3 d5 4. Nc3 b6 5. Bg5 Bb7 6. e3 Nbd7 7. Qc2 h6 8. Bh4 g5 9. Bg3 Bb4 10. Be2 dxc4 11. Bxc4 c5 12. Be2 cxd4 13. exd4 Rc8 14. Qb3 Qe7 15. O-O O-O 16. Ne5 Bxc3 17. bxc3 Nxe5 18.
Bxe5 Ne4 19. Bf3 Nd2 20. Qd1 Nxf1 21. Bxb7 Qxb7 22. Qxf1 Rxc3 23. Rc1 Rfc8 24. Rxc3 Rxc3 25. h3 Qe7 26. Qe1 Rc8 27. Bg3 f6 28. Qe4 Kg7 29.
Kh2 Qd7 30. f3 Qd5 31. Qxd5 exd5 32. Bf2 Rc2 33. Kg3 Rxa2 34. Be3 a5 35. f4 gxf4+ 36.
Kxf4 Ra3 37. g4 Rxe3 38. Kxe3 a4 39. Kd3 b5 40. Kc3 Kg6 41. h4 h5 42. gxh5+ Kxh5 43. Kb4 Kxh4 0-1